 Dungeon Crawl Stone Soup version 0.20.0-15-g7f486f2 (webtiles) character file.

517 Jareth the Ducker (level 7, -1/67 HPs)
             Began as a Troll Fighter on June 13, 2017.
             Slain by marsu's ghost (15 damage)
             ... on level 5 of the Dungeon on June 23, 2017.
             The game lasted 00:14:38 (3553 turns).

Jareth the Ducker (Troll Fighter)                   Turns: 3553, Time: 00:14:39

Health: -1/67      AC:  5    Str: 26    XL:     7   Next: 0%
Magic:  6/6        EV: 15    Int:  4    God:
Gold:   227        SH: 11    Dex: 15    Spells: 6/6 levels left

rFire    . . .     SeeInvis .   n - +1 spear (pierce)
rCold    . . .     Gourm    +   c - +1 shield
rNeg     . . .     Faith    .   x - +0 robe
rPois    .         Spirit   .   p - +0 hat
rElec    .         Reflect  .   (no cloak)
rCorr    .         Harm     +   (gloves unavailable)
MR       .....                  (boots unavailable)
Stlth    +++.......             t - amulet of harm
Regen    0.7/turn               (no ring)
MPRegen  0.1/turn               (no ring)

@: agile
A: unfitting armour, claws 3, fast metabolism 3, gourmand, regeneration 1,
shaggy fur 1, tough skin 2
a: no special abilities


You were on level 5 of the Dungeon.
You were completely stuffed.

You visited 1 branch of the dungeon, and saw 5 of its levels.

You collected 227 gold pieces.

Inventory:

Hand Weapons
 a - a +0 long sword
 g - a +0 hunting sling of freezing
 n - a +1 spear of piercing (weapon)
 u - a +0 dagger of venom
 v - a +1 rapier of venom
 D - a +0 dagger of speed
 E - a +0 club
 F - a +0 hunting sling
 H - a +0 mace
Missiles
 z - 32 sling bullets
Armour
 b - a +0 robe
 c - a +1 shield (worn)
 p - a +0 hat (worn)
 x - a +0 robe (worn)
 G - a +0 robe
Jewellery
 t - an amulet of harm (around neck)
 B - an uncursed ring of positive energy {unknown}
Scrolls
 e - 2 scrolls of teleportation
 h - 3 scrolls of remove curse
 k - 2 scrolls of blinking
 y - a scroll of random uselessness {unknown}
 C - 3 scrolls of identify
Potions
 d - a potion of experience {unknown}
 i - 4 potions of magic
 j - 3 potions of flight
 l - 3 potions of curing
 m - a potion of mutation {unknown}
 w - 2 potions of heal wounds {unknown}
Books
 s - a book of Misfortune

   Spells                             Type                      Level
   a - Confusing Touch                Hexes                        1
   b - Confuse                        Hexes                        3
   c - Gell's Gravitas                Translocation                3
   d - Petrify                        Transmutation/Earth          4
   e - Metabolic Englaciation         Hexes/Ice                    5
   f - Yara's Violent Unravelling     Hexes/Transmutation          5
Comestibles
 f - 5 bread rations
 o - a royal jelly
 r - a meat ration


   Skills:
 + Level 3.0 Fighting
 + Level 1.9 Long Blades
 + Level 3.4 Polearms
 + Level 3.9 Dodging
 + Level 0.5 Stealth
 + Level 3.7 Shields


You had 6 spell levels left.
You didn't know any spells.

Dungeon Overview and Level Annotations

Branches:
Dungeon (5/15)
 Temple: D:4-7

Altars:
Cheibriados

Annotations:
D:5 marsu's ghost, novice OpFi


Innate Abilities, Weirdness & Mutations

You are too large for most types of armour.
You have claws for hands.
Your metabolism is lightning-fast.
You like to eat raw meat.
Your natural rate of healing is unusually fast.
You are covered in fur. (AC +1)
You have very tough skin. (AC +2)


Message History

You closely miss marsu's ghost.
Marsu's ghost is moderately damaged.
You block marsu's ghost's attack.
You hit marsu's ghost.
Marsu's ghost is moderately damaged.
You block marsu's ghost's attack.
You hit marsu's ghost.
Marsu's ghost is heavily damaged.
Marsu's ghost hits you but does no damage.
You hit marsu's ghost.
Marsu's ghost is heavily damaged.
Marsu's ghost closely misses you.
You hit marsu's ghost.
Marsu's ghost is heavily damaged.
Marsu's ghost grins evilly.
You block marsu's ghost's attack.
You hit marsu's ghost.
Marsu's ghost is severely damaged.
You block the hound's attack. x2; Marsu's ghost hits you!
You die...

##.........)...##
#...............#
#...............#
#...............#
#...............#
#...........>...#
#...............#
#........h....##
##<.....W@...##
######.##.###
....$...
....####...#
####. ##... ..
###.


You could see a hound and marsu's ghost.

Vanquished Creatures
  Sigmund (D:4)
  A crimson imp (D:5)
  A bullfrog zombie (D:5)
  Jessica (D:3)
  2 worker ants (D:4)
  Natasha (twice) (D:2)
  An iguana (D:4)
  The ghost of koelner the Stinger, a weakling DsVM (D:4)
  A hound skeleton (D:4)
  Robin (D:4)
  2 adders
  An ooze (D:4)
  2 leopard geckos
  3 orcs
  4 giant cockroaches
  10 goblins
  8 hobgoblins
  7 jackals
  8 kobolds
  2 quokkas
  9 bats
  2 frilled lizards
  6 rats
76 creatures vanquished.

Notes
Turn   | Place    | Note
-------+----------+-------------------------------------------
     0 | D:1      | Jareth the Troll Fighter began the quest for the Orb.
     0 | D:1      | Reached XP level 1. HP: 22/22 MP: 0/0
   423 | D:1      | Reached XP level 2. HP: 29/29 MP: 1/1
  1119 | D:2      | Reached XP level 3. HP: 23/36 MP: 2/2
  1325 | D:2      | Found a snail-covered altar of Cheibriados.
  1350 | D:2      | Noticed Natasha
  1360 | D:2      | Killed Natasha
  1360 | D:2      | Reached skill level 1 in Polearms
  1567 | D:2      | Noticed Natasha
  1575 | D:2      | Killed Natasha
  1575 | D:2      | Reached XP level 4. HP: 34/44 MP: 3/3
  2190 | D:3      | Noticed Jessica
  2209 | D:3      | Killed Jessica
  2415 | D:3      | Reached XP level 5. HP: 50/50 MP: 4/4
  2659 | D:4      | Noticed Robin
  2683 | D:4      | Killed Robin
  2808 | D:4      | Noticed koelner's ghost (weakling DsVM)
  2815 | D:4      | Killed koelner's ghost
  3131 | D:4      | Noticed Sigmund
  3140 | D:4      | Killed Sigmund
  3140 | D:4      | Reached XP level 6. HP: 59/59 MP: 5/5
  3503 | D:5      | Entered Level 5 of the Dungeon
  3520 | D:5      | Reached XP level 7. HP: 67/67 MP: 6/6
  3533 | D:5      | Noticed marsu's ghost (novice OpFi)
  3553 | D:5      | Slain by marsu's ghost

Skill      XL: |  1  2  3  4  5  6 |
---------------+-------------------+-----
Polearms       | 1 3 |  3.4
Dodging        | 3 |  3.9
Shields        | 3 |  3.7
Fighting       | 3 |  3.0
Long Blades    | |  1.9
Stealth        | |  0.5

Action                   |  1- 3 |  4- 6 |  7- 9 || total
-------------------------+-------+-------+-------++-------
Melee: Long sword        |    44 |       |       ||    44
       Spear             |    51 |   170 |    14 ||   235
  Use: Scroll            |     6 |     4 |       ||    10
       Potion            |       |     3 |     2 ||     5
 Stab: Sleeping          |       |     1 |       ||     1
  Eat: Chunk             |    15 |    18 |       ||    33
       Meat ration       |     1 |       |       ||     1
Armor: Robe              |    34 |    45 |     1 ||    80
Dodge: Dodged            |    38 |    53 |     2 ||    93
Block: Shield            |    56 |   113 |     9 ||   178
       Rpst.: Long sword |     6 |       |       ||     6
